 Dungeon Crawl Stone Soup version 0.30-a0-1075-gcd70e7a56d (webtiles) character file.

Game seed: 7067694449505074589

127 retardedninja the Trooper (level 5, -4/50 HPs)
             Began as a Naga Fighter on Apr 13, 2023.
             Slain by a gnoll
             ... wielding a +0 halberd
              (14 damage)
             ... on level 3 of the Dungeon on Apr 14, 2023.
             The game lasted 00:02:29 (2000 turns).

retardedninja the Trooper (Naga Fighter)            Turns: 2000, Time: 00:02:30

Health: -4/50      AC:  5    Str: 20    XL:     5   Next: 11%
Magic:  5/5        EV:  7    Int:  8    God:
Gold:   87         SH:  4    Dex: 11    Spells: 4/4 levels left

rFire   . . .      SeeInvis +    a - +0 war axe
rCold   . . .      Faith    .    c - +0 buckler
rNeg    . . .      Spirit   .    b - +0 scale mail
rPois   +          Reflect  .    (no helmet)
rElec   .          Rampage  .    (no cloak)
rCorr   .                        (no gloves)
Will    .....                    (no barding) Stlth
                                 (no amulet)
HPRegen 0.28/turn                (no ring)
MPRegen 0.09/turn                (no ring)

@: very slow
A: AC +1, large, see invisible, deformed body, poison resistance, slowness 2,
spit poison 1, naga tail 1
a: Spit Poison


You were on level 3 of the Dungeon.
You visited 1 branch of the dungeon, and saw 3 of its levels.

You collected 87 gold pieces.

Inventory:

Hand Weapons
 a - a +0 war axe (weapon)
Armour
 b - a +0 scale mail (worn)
 c - a +0 buckler (worn)
Jewellery
 l - a ring of willpower
Scrolls
 d - a scroll of magic mapping {unknown}
 e - 3 scrolls of identify {unknown}
 f - a scroll of amnesia {unknown}
Potions
 g - a potion of lignification
 h - a potion of brilliance {unknown}
 j - a potion of flight {unknown}
 k - 2 potions of resistance {unknown}


   Skills:
 + Level 3.6 Fighting
 * Level 3.5 Axes
 + Level 3.0 Armour
 + Level 3.3 Shields


You had 4 spell levels left.
You didn't know any spells.
Your spell library contained the following spells:

 Spells                   Type           Power      Damage    Failure   Level
 Chain Lightning          Conj/Air       0%         N/A       100%        9
 Fire Storm               Conj/Fire      0%         5d1       100%        9
 Shatter                  Erth           0%         3d5*      100%        9


Dungeon Overview and Level Annotations

Branches:
Dungeon (3/15)

Altars:
Makhleb


Innate Abilities, Weirdness & Mutations

Your serpentine skin is tough. (AC +1)
You have supernaturally acute eyesight. (SInv)
Armour fits poorly on your strangely shaped body.
Your system is resistant to poisons. (rPois)
You cover ground very slowly.
You can spit poison.
You have a snake-like lower body.


Message History

You slash the gnoll!
The gnoll is severely wounded.
The gnoll hits you with a +0 whip.
You slash the gnoll!
The gnoll is heavily wounded.
The gnoll closely misses you.
You slash the gnoll!
You kill the gnoll!
You have reached level 5!
You slash the gnoll!
You kill the gnoll!
The goblin hits you with a +0 club.
Your Armour skill increases to level 3!
Unknown command.
Unknown command.
You barely miss the goblin. The goblin hits you but does no damage.
Unknown command.
You hit the goblin but do no damage. The goblin barely misses you.
The gnoll hits you from afar with a +0 halberd.
Unknown command.
You closely miss the goblin. You block the goblin's attack.
The gnoll hits you from afar with a +0 halberd! x2
* * * LOW HITPOINT WARNING * * *
You block the goblin's attack.
Unknown command.
You miss the goblin. The gnoll hits you but does no damage.
You block the goblin's attack.
You feel better. The goblin hits you with a +0 club.
You block the gnoll's attack.
You hit the goblin but do no damage. The gnoll closely misses you.
The goblin closely misses you.
You hit the goblin.
The goblin is severely wounded.
The goblin closely misses you.
The gnoll hits you from afar with a +0 halberd.
* * * LOW HITPOINT WARNING * * *
The goblin hits you with a +0 club.
* * * LOW HITPOINT WARNING * * *
The gnoll hits you from afar with a +0 halberd!
You die...

.............#...
........#.##.####
...........#.####
##....#.......... ###
.......|...##.... ..
#######....##.... #.
.....<...###....
#.#########......#....
#>.gg@...........+....
.......#####.......##.#....
....... ##.........#....
..$.... ##.##....######
....... ##............+
....!.. #......##....^#
....... #..(...'......'
##+#### #......###....#
######......##.####


You could see a gnoll and a goblin.

Vanquished Creatures
  Ijyb (D:3)
  An iguana (D:3)
  2 gnolls (D:3)
  2 adders
  A worm (D:3)
  5 endoplasms
  2 giant cockroaches
  2 goblins (D:1)
  4 hobgoblins
  A kobold (D:1)
  3 quokkas
  3 ball pythons
  3 bats
  A frilled lizard (D:1)
  6 rats
37 creatures vanquished.

Notes
Turn   | Place    | Note
-------+----------+-------------------------------------------
     0 | D:1      | retardedninja the Naga Fighter began the quest for the Orb.
     0 | D:1      | Reached XP level 1. HP: 21/21 MP: 1/1
   128 | D:1      | Reached XP level 2. HP: 19/28 MP: 2/2
   160 | D:1      | Upgraded the game from 0.30-a0-1074-g5db6f66fbb to
                  | 0.30-a0-1075-gcd70e7a56d
   459 | D:1      | Found a faded altar of an unknown god.
   530 | D:2      | Reached XP level 3. HP: 34/34 MP: 3/3
   604 | D:2      | Found a burning altar of Makhleb.
  1201 | D:3      | Reached XP level 4. HP: 16/42 MP: 4/4
  1596 | D:3      | Noticed Ijyb
  1610 | D:3      | Killed Ijyb
  1993 | D:3      | Reached XP level 5. HP: 38/49 MP: 5/5
  2000 | D:3      | Slain by a gnoll

Illustrated notes

Levels and vault maps discovered:
D:1:      onia_arrival_handbag, layout_rooms,
          dilly_ecumenical_altar_fadedgnrine, minmay_tiny_reverse_x
D:2:      layout_loops_ring, basic_altar
D:3:      layout_basic, overflow_temple_1_default, uniq_natasha, uniq_ijyb

Skill      XL: |  1  2  3  4  5 |
---------------+----------------+-----
Shields        | 3 |  3.3
Axes           | 3 |  3.5
Armour         | 3 |  3.0
Fighting       | |  3.6

Action                     |  1- 3 |  4- 6 || total
---------------------------+-------+-------++-------
  Melee: War axe           |    72 |    44 ||   116
         Unarmed           |       |    10 ||    10
    Use: Potion            |     3 |     2 ||     5
 Armour: Scale mail        |    50 |    18 ||    68
         Skin              |     3 |       ||     3
  Dodge: Dodged            |    21 |    21 ||    42
  Block: Buckler           |    16 |    16 ||    32

Table legend: (Time is in decaauts)
 A = Elapsed time spent in this place.
 B = Non-inter-level travel time spent in this place.
 C = Inter-level travel time spent in this place.
 D = Time resting spent in this place.
 E = Time spent auto-exploring this place.
 F = Levels seen in this place.
 G = Mean time per level.
                   A        B        C        D        E       F      G
               +--------+--------+--------+--------+--------+-----+--------+
         Total |   2536 |   2485 |     51 |    370 |   1747 |   3 |  845.3 |
       Dungeon |   2536 |   2485 |     51 |    370 |   1747 |   3 |  845.3 |
               +--------+--------+--------+--------+--------+-----+--------+

Top non-repeatable levels by time:
     D:2: 957 daAuts
     D:3: 939 daAuts
     D:1: 638 daAuts
